 Dungeon Crawl Stone Soup version 0.23.2-33-g5129a83184 (webtiles) character file.

Game seed: 5397133096165374637

4949 microfolk the Ducker (level 10, -5/63 HPs)
             Began as an Octopode Ice Elementalist on July 9, 2019.
             Was a Priest of Yredelemnul.
             Hit by a javelin of returning thrown by a centaur (10 damage)
             ... in a bailey.
             The game lasted 01:04:29 (18017 turns).

microfolk the Ducker (Octopode Ice Elementalist)   Turns: 18017, Time: 01:04:30

Health: -5/63      AC:  1    Str:  8    XL:     10   Next: 52%
Magic:  7/17       EV: 18    Int: 21    God:    Yredelemnul [***...]
Gold:   532        SH:  0    Dex: 16    Spells: 11/19 levels left

rFire    . . .     SeeInvis .   K - +5 trident (freeze) (curse)
rCold    . . .     Gourm    .   (no shield)
rNeg     + . .     Faith    .   (helmet restricted)
rPois    .         Spirit   .   (no amulet)
rElec    .         Reflect  .   m - ring of positive energy
rCorr    .         Harm     .   F - +4 ring of dexterity
MR       .....                  (no ring)
Stlth    ++++......             (no ring)
HPRegen  0.20/turn              (no ring)
MPRegen  0.15/turn              (no ring)
                                (no ring)
                                (no ring)

@: no status effects
A: almost no armour, stealthy swim, amphibious, 8 rings, constrict 8, camouflage
1, gelatinous body 1
a: Recall Undead Slaves, Injury Mirror, Animate Dead, Renounce Religion


You were in a bailey.
You worshipped Yredelemnul.
Yredelemnul was most pleased with you.
You were not hungry.

You visited 1 branch of the dungeon, and saw 9 of its levels.
You also visited: Sewer and Bailey.

You collected 532 gold pieces.

Inventory:

Hand Weapons
 a - a +0 dagger of venom
 b - a +0 hunting sling
 k - a +0 blowgun
 o - a +0 spear
 B - a +2 antimagic dagger
 D - a +0 dagger of draining
 J - a +3 dagger of freezing
 K - a cursed +5 trident of freezing (weapon)
Missiles
 c - 259 stones (quivered)
 p - 77 sling bullets
 t - 39 poisoned needles
 M - 2 curare-tipped needles
Magical Staves
 r - an uncursed staff of air
Jewellery
 m - a ring of positive energy (left tentacle)
 F - a +4 ring of dexterity (right tentacle)
Wands
 E - a wand of digging (7)
 L - a wand of flame (16)
 O - a wand of iceblast (5)
Scrolls
 d - 8 scrolls of remove curse {@r2}
 e - 4 scrolls of identify {@r1}
 l - 2 scrolls of teleportation
 n - a scroll of fear
 q - 2 scrolls of enchant armour {unknown}
 x - 2 scrolls of immolation
 z - a scroll of enchant weapon
 G - 2 scrolls of vulnerability
 I - 2 scrolls of amnesia
Potions
 f - 8 potions of heal wounds {@q2}
 g - 2 potions of lignification
 h - 3 potions of brilliance
 i - 2 potions of ambrosia
 s - 2 potions of haste
 u - 2 potions of agility
 v - 2 potions of flight
 w - 3 potions of curing {@q1}
 A - a potion of invisibility
 C - 2 potions of resistance
 H - 3 potions of cancellation
 N - 2 potions of might
Comestibles
 j - 8 rations
 P - 5 chunks of flesh


   Skills:
 - Level 4.0 Fighting
 * Level 5.4 Polearms
 + Level 7.3 Dodging
 - Level 5.0 Stealth
 - Level 5.0 Spellcasting
 - Level 1.0 Conjurations
 + Level 1.2 Hexes
 - Level 5.1 Summonings
 - Level 6.0 Ice Magic
 + Level 6.5 Invocations


You had 11 spell levels left.
You knew the following spells:

 Your Spells              Type           Power        Failure   Level  Hunger
a - Freeze                Ice            ####         1%          1    None
b - Throw Frost           Conj/Ice       ###...       3%          2    None
c - Summon Ice Beast      Ice/Summ       ####....     11%         4    ####...
d - Confusing Touch       Hex            ##....       6%          1    None

Your spell library contained the following spells:

 Spells                   Type           Power        Failure   Level  Hunger
 Ozocubu's Armour         Chrm/Ice       ###.....     10%         3    ##.....
 Confuse                  Hex            ##......     19%         3    ##.....
 Throw Icicle             Conj/Ice       ###.....     26%         4    ####...
 Gell's Gravitas          Tloc           #.........   32%         3    ##.....
 Metabolic Englaciation   Hex/Ice        ###.......   54%         5    #####..
 Petrify                  Tmut/Erth      #.......     71%         4    ####...
 Yara's Violent Unravell  Hex/Tmut       #.........   93%         5    #####..


Dungeon Overview and Level Annotations

Branches:
Dungeon (9/15)             Temple (0/1) D:5
   Lair: D:8-11         Orc: D:9-12

Altars:
Ashenzari
Cheibriados
Gozag
Makhleb
Nemelex Xobeh
Ru
Sif Muna
Trog
Xom
Yredelemnul

Shops:
D:6 }%:   D:7 }[

Annotations:
D:4 1 runed translucent door, 2 exclusions, Crazy Yiuf, Menkaure
D:5 exclusion: ice beast
D:8 3 runed translucent doors, Folque's ghost, novice DrEE; Harold


Innate Abilities, Weirdness & Mutations

You cannot wear most types of armour.
You are very stealthy in the water. (Stealth+)
You are amphibious.
You can wear up to eight rings at the same time.
You can use your tentacles to constrict eight enemies at once.
Your skin changes colour to match your surroundings (Stealth+).
Your rubbery body absorbs attacks. (AC +1, EV +1)


Message History

The centaur throws a javelin of returning.
The javelin of returning hits you!
* * * LOW HITPOINT WARNING * * *
The weapon returns to the centaur!
Your ice beast hits the orc.
Your ice beast freezes the orc!
The orc dies!
Yredelemnul accepts your kill.
You feel better.
The centaur throws a javelin of returning.
The javelin of returning hits you!
* * * LOW HITPOINT WARNING * * *
You feel better.
The centaur throws a javelin of returning.
The javelin of returning hits you!
* * * LOW HITPOINT WARNING * * *
The weapon returns to the centaur!
The centaur throws a javelin of returning.
The javelin of returning hits you!
You die...
Your body rises from the dead as a mindless zombie.

##....................)##
##...................##
#########'''#########
##≈≈≈≈≈≈≈#...#≈≈≈≈≈≈≈##
##≈≈≈≈≈≈≈≈#..)#≈≈≈≈≈≈≈≈#
##≈≈≈≈≈≈≈≈)#.).#.≈≈≈≈≈≈≈≈#
#≈≈≈≈≈≈≈.)≈#..(#≈).≈≈≈≈≈≈≈#
#≈≈≈≈≈))≈≈(().).≈≈≈..≈≈≈≈≈#
#≈≈≈≈.≈≈≈.....)@).(≈≈.≈≈≈≈#
#≈≈≈≈.≈....)≈≈≈.....≈.≈≈≈≈#
#≈≈≈.≈≈.⌠..≈≈≈≈≈..⌠.≈≈.≈≈≈#
#≈≈≈.≈.....≈≈≈≈≈.....≈.≈≈≈#
#≈≈.≈≈....≈≈≈≈≈≈≈....≈≈.≈≈#
#≈≈.≈.....≈≈≈≈≈≈≈.....≈.≈≈#
#≈≈.≈.....≈≈≈.≈≈≈.Y...≈.≈≈#
≈.....≈c≈}≈≈≈..)..≈.≈≈#
....≈≈≈)≈≈≈.....≈.≈≈#


You could see a centaur and a friendly ice beast.

Vanquished Creatures
  Joseph (D:9)
  Prince Ribbit (D:7)
  A wyvern (D:8)
  A water moccasin (D:6)
  2 orc warriors
  6 sky beasts
  2 big kobolds (Sewer)
  8 bullfrogs
  2 scorpions
  3 wights
  2 crimson imps (D:5)
  4 hounds
  A quasit (D:7)
  A jelly (D:8)
  An orc priest (D:3)
  An iron imp (D:5)
  4 bullfrog skeletons
  An iguana (D:6)
  5 orc wizards
  Natasha (twice) (D:4)
  9 worker ants
  A killer bee zombie (D:5)
  A hound skeleton (D:8)
  4 gnolls (D:2)
  10 adders
  4 river rats (Sewer)
  3 shadow imps
  2 oozes
  An adder zombie (D:7)
  10 worms
  5 dart slugs (D:1)
  7 leopard geckos
  18 orcs
  6 ball pythons
  11 bats
  10 giant cockroaches
  13 goblins
  12 hobgoblins
  10 jackals
  4 quokkas
  5 frilled lizards
  A jackal skeleton (D:4)
  25 kobolds
  A leopard gecko zombie (D:6)
  2 quokka skeletons
  30 rats
  A plant (D:1)
255 creatures vanquished.

Vanquished Creatures (collateral kills)
  A two-headed ogre (D:9)
  8 orc warriors (Bailey)
  A black bear (D:8)
  An ice beast (D:8)
  A phantom (D:8)
  An ogre (D:9)
  6 centaurs (Bailey)
  A bullfrog (D:8)
  A scorpion (D:9)
  3 killer bees (D:8)
  4 wights
  A crimson imp (D:8)
  An orc priest (D:8)
  A worker ant (D:7)
  A howler monkey zombie (D:9)
  A worker ant zombie (D:9)
  16 orcs (Bailey)
  A giant cockroach (D:8)
50 creatures vanquished.

Vanquished Creatures (others)
  A centaur zombie (Bailey)
  A bullfrog skeleton (D:7)
  A mummy (Bailey)
  An orc zombie (Bailey)
  An iguana skeleton (D:6)
  2 orc skeletons (Bailey)
7 creatures vanquished.

Grand Total: 312 creatures vanquished

Notes
Turn   | Place    | Note
-------+----------+-------------------------------------------
     0 | D:1      | microfolk the Octopode Ice Elementalist began the quest for
                  | the Orb.
     0 | D:1      | Reached XP level 1. HP: 11/11 MP: 3/3
   220 | D:1      | Reached XP level 2. HP: 17/17 MP: 1/5
   677 | D:1      | Learned a level 2 spell: Throw Frost
   820 | D:1      | Reached XP level 3. HP: 21/21 MP: 6/6
  1673 | D:2      | Reached XP level 4. HP: 27/27 MP: 4/7
  2827 | D:2      | Reached XP level 5. HP: 23/31 MP: 5/8
  2903 | D:2      | Learned a level 4 spell: Summon Ice Beast
  2934 | D:2      | Reached skill level 3 in Dodging
  3721 | D:2      | Found a shimmering altar of Xom.
  3775 | D:2      | Found a burning altar of Makhleb.
  3994 | D:3      | stay positive :)
  4014 | D:3      | Reached skill level 5 in Ice Magic
  4141 | D:3      | Reached XP level 6. HP: 20/36 MP: 0/9
  4597 | D:3      | Reached skill level 5 in Stealth
  4597 | D:3      | Reached skill level 1 in Summonings
  4935 | D:3      | Found a shattered altar of Ashenzari.
  5395 | D:4      | Found a glowing drain.
  5412 | Sewer    | Entered a sewer
  6422 | Sewer    | Reached XP level 7. HP: 41/41 MP: 7/10
  6989 | Sewer    | Reached skill level 4 in Dodging
  7148 | D:4      | Noticed Menkaure
  7228 | D:4      | Found a basalt altar of Yredelemnul.
  7235 | D:4      | Became a worshipper of Yredelemnul the Dark
  7388 | D:4      | Found a sparkling altar of Nemelex Xobeh.
  7410 | D:4      | Found a runed translucent door.
  7411 | D:4      | Noticed Crazy Yiuf
  7462 | D:4      | Noticed Natasha
  7469 | D:4      | Killed Natasha
  7668 | D:4      | Noticed Natasha
  8101 | D:5      | Entered Level 5 of the Dungeon
  8345 | D:5      | Reached skill level 1 in Invocations
  8915 | D:4      | Killed Natasha
  9011 | D:5      | Found a snail-covered altar of Cheibriados.
  9022 | D:5      | Reached XP level 8. HP: 45/46 MP: 13/13
  9267 | D:5      | Found a staircase to the Ecumenical Temple.
 10165 | D:6      | Reached skill level 5 in Dodging
 10165 | D:6      | Reached skill level 5 in Summonings
 10184 | D:6      | Found Ehishror's Food Emporium.
 10192 | D:6      | Found Zaom's Book Shop.
 10341 | D:6      | Reached skill level 1 in Fighting
 10525 | D:6      | Reached * piety under Yredelemnul
 10526 | D:6      | Found Udyxurib's Gadget Emporium.
 11396 | D:6      | Reached XP level 9. HP: 50/55 MP: 7/16
 11757 | D:6      | Reached skill level 5 in Spellcasting
 11908 | D:6      | Found a sacrificial altar of Ru.
 12018 | D:7      | Found Vimet's Gadget Shop.
 12167 | D:7      | Found a deep blue altar of Sif Muna.
 12228 | D:7      | Noticed Prince Ribbit
 12277 | D:7      | Killed Prince Ribbit
 12603 | D:7      | Found Deang's Armour Shoppe.
 13651 | D:8      | Found an opulent altar of Gozag.
 13825 | D:8      | Reached skill level 6 in Dodging
 14448 | D:8      | Reached skill level 1 in Polearms
 14511 | D:8      | Reached ** piety under Yredelemnul
 14531 | D:8      | Reached skill level 5 in Invocations
 15081 | D:8      | Learned a level 1 spell: Confusing Touch
 15309 | D:8      | Found a runed translucent gate.
 15310 | D:8      | Found a runed translucent gate.
 15311 | D:8      | Found a runed translucent gate.
 15314 | D:8      | Noticed Folque's ghost (novice DrEE)
 15361 | D:8      | Reached XP level 10. HP: 56/63 MP: 8/17
 15424 | D:8      | Noticed Harold
 15643 | D:8      | Found a bloodstained altar of Trog.
 15666 | D:9      | Noticed a two-headed ogre
 15677 | D:9      | Killed a two-headed ogre
 15938 | D:9      | Noticed Joseph
 15981 | D:9      | Killed Joseph
 15981 | D:9      | Reached skill level 7 in Dodging
 15991 | D:9      | Found a flagged portal.
 16002 | Bailey   | Entered a bailey
 16740 | Bailey   | Reached *** piety under Yredelemnul
 16740 | Bailey   | Reached skill level 5 in Polearms
 17481 | Bailey   | Reached skill level 1 in Hexes
 17482 | Bailey   | Received a gift from Yredelemnul (a mummy)
 18017 | Bailey   | Hit by a javelin of returning thrown by a centaur

Skill      XL: |  1  2  3  4  5  6  7  8  9 10 |
---------------+-------------------------------+-----
Stealth        | 3 4 5 |  5.0
Ice Magic      | 4 5 6 |  6.0
Dodging        | 3 4 5 6 7 |  7.3
Summonings     | 2 4 5 |  5.1
Spellcasting   | 3 4 5 |  5.0
Invocations    | 1 2 5 6 |  6.5
Fighting       | 2 4 |  4.0
Polearms       | 3 5 |  5.4
Hexes          | 1 |  1.2
Conjurations   | |  1.0

Action                   |  1- 3 |  4- 6 |  7- 9 | 10-12 || total
-------------------------+-------+-------+-------+-------++-------
Melee: Dagger            |    50 |   137 |   164 |       ||   351
       Unarmed           |     3 |       |       |       ||     3
       Constrict         |     7 |    48 |    48 |     8 ||   111
       Tentacles         |     9 |    18 |    32 |     4 ||    63
       Trident           |       |       |    41 |    37 ||    78
 Fire: Blowgun           |       |     1 |     7 |       ||     8
       Hunting sling     |       |       |    11 |       ||    11
Throw: Stone             |     8 |    22 |    37 |     1 ||    68
 Cast: Freeze            |    26 |    32 |    48 |     1 ||   107
       Throw Frost       |     9 |   100 |   109 |       ||   218
       Summon Ice Beast  |       |       |    27 |    60 ||    87
Invok: Animate Remains   |       |       |     3 |     1 ||     4
       Animate Dead      |       |       |       |     3 ||     3
  Use: Scroll            |       |     9 |     8 |     4 ||    21
       Potion            |       |       |     1 |     4 ||     5
 Stab: Sleeping          |     5 |     7 |    16 |       ||    28
       Distracted        |       |       |     1 |     1 ||     2
  Eat: Chunk             |     3 |    22 |    23 |     8 ||    56
       Ration            |       |       |     4 |     3 ||     7
Armor: Skin              |       |     6 |     4 |     3 ||    13
Dodge: Dodged            |    22 |    77 |   148 |    58 ||   305
